 Dungeon Crawl Stone Soup version 0.20.1-1-g8b1a95d (console) character file.

918 hilaritas the Cleaver (level 7, -6/64 HPs)
             Began as a Deep Dwarf Berserker on Mar 3, 2018.
             Was a Believer of Trog.
             Mangled by Prince Ribbit (9 damage)
             ... on level 5 of the Dungeon.
             The game lasted 00:10:00 (2732 turns).

hilaritas the Cleaver (Deep Dwarf Berserker)        Turns: 2732, Time: 00:10:01

Health: -6/64      AC: 10    Str: 22    XL:     7   Next: 83%
Magic:  6/6        EV:  8    Int:  8    God:    Trog [**....]
Gold:   186        SH:  0    Dex: 12    Spells: 6/6 levels left

rFire    . . .     SeeInvis .   w - +0 war axe
rCold    . . .     Gourm    .   (no shield)
rNeg     . . .     Faith    .   v - +0 chain mail
rPois    .         Spirit   .   k - +0 helmet
rElec    .         Reflect  .   (no cloak)
rCorr    .         Harm     .   q - +0 pair of gloves
MR       +++..                  (no boots)
Stlth    ..........             (no amulet)
Regen    1.0/turn               (no ring)
MPRegen  0.1/turn               (no ring)

@: berserk cooldown, non-regenerating, slowed, very slow
A: damage resistance, heal wounds, sense surroundings 1, no regeneration
a: Heal Wounds, Berserk, Trog's Hand, Burn Spellbooks, Renounce Religion


You were on level 5 of the Dungeon.
You worshipped Trog.
Trog was pleased with you.
You were hungry.

You visited 1 branch of the dungeon, and saw 5 of its levels.

You collected 186 gold pieces.

Inventory:

Hand Weapons
 a - a +1 hand axe
 l - a +0 whip
 o - a +2 flail of protection
 w - a +0 war axe (weapon)
Missiles
 m - 6 tomahawks of returning (quivered)
Armour
 k - a +0 helmet (worn)
 p - a +2 buckler
 q - a +0 pair of gloves (worn)
 v - a +0 chain mail (worn)
Scrolls
 e - a scroll of fog
 h - a scroll of enchant weapon
 r - 2 scrolls of fear
 t - 2 scrolls of remove curse
Potions
 b - 2 potions of flight
 f - 3 potions of haste
 g - 2 potions of curing
 i - a potion of lignification {unknown}
 n - 2 potions of ambrosia
 s - a potion of agility
 u - a potion of mutation {unknown}
Comestibles
 c - 3 bread rations
 d - 3 chunks of flesh
 j - 2 royal jellies


   Skills:
 + Level 4.3 Fighting
 * Level 9.5 Axes
 - Level 2.1 Armour
 - Level 2.1 Dodging


You had 6 spell levels left.
You didn't know any spells.

Dungeon Overview and Level Annotations

Branches:
Dungeon (5/15)             Temple (0/1) D:5

Altars:
The Shining One

Annotations:
D:5 Prince Ribbit


Innate Abilities, Weirdness & Mutations

You are resistant to damage.
You can heal yourself by infusing magical energy.
You passively map a small area around you.
You do not regenerate.


Message History

Prince Ribbit blinks!
You barely miss the ooze.
You feel the effects of Trog's Hand fading.
The ooze closely misses you.
Prince Ribbit blinks!
The ooze hits you.
Prince Ribbit hops awkwardly around.
Prince Ribbit hits you.
* * * LOW HITPOINT WARNING * * *
You hit the ooze.
The ooze is moderately wounded.
You hit Prince Ribbit. Prince Ribbit barely misses you.
The ooze hits you but does no damage. Prince Ribbit hits you!
* * * LOW HITPOINT WARNING * * *
You completely miss Prince Ribbit.
Prince Ribbit is heavily wounded.
You slash the ooze!
You kill the ooze!
Trog accepts your kill.
Prince Ribbit hits you but does no damage.
Prince Ribbit hits you!
You die...

##...#...## #...
##.........###...
#...........##...
######...........##...
#.................#...
#...............#.....
#......#.......###....
#.....................
#.....(###.########..#
#....F(###.# ##..#
#....@.(.#.# #....
#......#().### #.###
#.......##....# #.#
#....<...###J#.# #.# #
..........*#.# .# #.#
# ..........#..# #*
#.# # *..........#.##
*#.# ..........#. *
*#.#.. , , , #. **,
....# ,J. ,,..# , .. ,
*


You could see Prince Ribbit.

Vanquished Creatures
  Eustachio (D:4)
  The ghost of hilaritas the Slasher, an amateur TeFi (D:3)
  An ogre (D:4)
  A centaur (D:5)
  A crimson imp (D:5)
  3 orc priests
  2 orc wizards
  A bullfrog skeleton (D:5)
  A worker ant (D:3)
  Robin (D:2)
  10 adders
  4 gnolls (D:5)
  A shadow imp (D:5)
  A white imp (D:4)
  2 oozes
  An adder zombie (D:5)
  3 worms
  5 dart slugs
  A leopard gecko (D:2)
  14 orcs
  5 bats
  2 giant cockroaches (D:1)
  8 goblins
  9 hobgoblins
  3 jackals
  A quokka (D:3)
  4 frilled lizards
  3 hobgoblin zombies (D:4)
  5 kobolds
  2 kobold zombies (D:4)
  An orc skeleton (D:4)
  4 rats
102 creatures vanquished.

Notes
Turn   | Place    | Note
-------+----------+-------------------------------------------
     0 | D:1      | hilaritas the Deep Dwarf Berserker began the quest for the Orb.
     0 | D:1      | Reached XP level 1. HP: 20/20 MP: 1/1
   147 | D:1      | Reached XP level 2. HP: 25/28 MP: 2/2
   264 | D:1      | Reached skill level 4 in Axes
   623 | D:2      | Reached XP level 3. HP: 22/34 MP: 3/3
   749 | D:2      | Reached ** piety under Trog
   766 | D:2      | Noticed Robin
   785 | D:2      | Reached XP level 4. HP: 24/42 MP: 4/4
   802 | D:2      | Killed Robin
   802 | D:2      | Reached skill level 5 in Axes
  1217 | D:3      | Reached XP level 5. HP: 35/49 MP: 5/5
  1250 | D:3      | Reached skill level 6 in Axes
  1327 | D:3      | Noticed hilaritas's ghost (amateur TeFi)
  1337 | D:3      | Killed hilaritas's ghost
  1337 | D:3      | Reached skill level 7 in Axes
  1337 | D:3      | Reached XP level 6. HP: 30/57 MP: 6/6
  1835 | D:4      | Found a glowing golden altar of the Shining One.
  1837 | D:4      | Noticed Eustachio
  1861 | D:4      | Killed Eustachio
  1861 | D:4      | Reached skill level 8 in Axes
  1861 | D:4      | Reached XP level 7. HP: 52/64 MP: 7/7
  2068 | D:4      | HP: 1/64 [ogre/giant club (20)]
  2516 | D:5      | Entered Level 5 of the Dungeon
  2537 | D:5      | Reached skill level 9 in Axes
  2605 | D:5      | Found a staircase to the Ecumenical Temple.
  2713 | D:5      | Noticed Prince Ribbit
  2721 | D:5      | HP: 9/96 [centaur/enchanted shortbow (4)]
  2730 | D:5      | HP: 5/64 [Prince Ribbit (5)]
  2731 | D:5      | HP: 2/64 [Prince Ribbit (5)]
  2732 | D:5      | Mangled by Prince Ribbit

Skill      XL: |  1  2  3  4  5  6  7 |
---------------+----------------------+-----
Fighting       | 3 4 |  4.3
Axes           | 4 5 7 8 9 |  9.5
Armour         | |  2.1
Dodging        | |  2.1

Action                   |  1- 3 |  4- 6 |  7- 9 || total
-------------------------+-------+-------+-------++-------
Melee: Hand axe          |    99 |   164 |    91 ||   354
       War axe           |       |       |    31 ||    31
Throw: Tomahawk          |       |       |     1 ||     1
Invok: Trog's Hand       |     1 |     4 |     3 ||     8
       Berserk           |     1 |     2 |     1 ||     4
 Abil: Heal Wounds       |       |     1 |     3 ||     4
  Use: Scroll            |     4 |     3 |     3 ||    10
  Eat: Chunk             |       |     7 |     5 ||    12
Armor: Scale mail        |    29 |    49 |    17 ||    95
       Animal skin       |     2 |       |       ||     2
       Ring mail         |    18 |    17 |       ||    35
       Chain mail        |       |       |    29 ||    29
Dodge: Dodged            |    73 |    50 |    43 ||   166
